 Dungeon Crawl Stone Soup version 0.30.0-16-gbe6223bb7e (webtiles) character file.

Game seed: 4383291684431971591

82 fleet the Gusty (level 4, 0/24 HPs)
             Began as a Tengu Air Elementalist on May 20, 2023.
             Was an Initiate of Qazlal.
             Killed from afar by an orc wizard (6 damage)
             ... with a magic dart
             ... in the Ecumenical Temple.
             The game lasted 00:05:50 (2045 turns).

fleet the Gusty (Tengu Air Elementalist)            Turns: 2045, Time: 00:05:50

Health: 0/24       AC:  2    Str:  9    XL:     4   Next: 43%
Magic:  7/8        EV: 27    Int: 23    God:    Qazlal [......]
Gold:   95         SH:  0    Dex: 14    Spells: 6/7 levels left

rFire   . . .        (no weapon)
rCold   . . .        (no shield)
rNeg    . . .        a - +0 robe
rPois   .            (helmet restricted)
rElec   .            (no cloak)
rCorr   .            (no gloves)
SInv    .            (boots unavailable)
Will    .....        n - amulet of the acrobat
Stlth   +            c - +6 ring of intelligence
HPRegen 0.24/turn    (no ring)
MPRegen 0.11/turn

%: acrobat
@: confused, acrobatic
A: beak, talons 3
a: Renounce Religion


You were in the Ecumenical Temple.
You worshipped Qazlal.
Qazlal was noncommittal.
You visited 2 branches of the dungeon, and saw 4 of its levels.

You collected 95 gold pieces.

Inventory:

Armour
 a - a +0 robe (worn)
Jewellery
 c - a +6 ring of intelligence (left hand)
 l - a ring of fire
 n - an amulet of the acrobat (around neck)
Scrolls
 e - a scroll of enchant armour {unknown}
 f - a scroll of amnesia {unknown}
 g - a scroll of brand weapon {unknown}
 h - 2 scrolls of fog {unknown}
 i - a scroll of poison {unknown}
 m - a scroll of identify {unknown}
Potions
 b - a potion of magic
 d - a potion of attraction {unknown}
 j - a potion of flight {unknown}
 k - a potion of curing {unknown}


   Skills:
 - Level 2.1 Dodging
 - Level 2.0 Stealth
 - Level 2.0 Spellcasting
 - Level 1.3 Conjurations
 + Level 6.8 Air Magic


You had 6 spell levels left.
You knew the following spells:

 Your Spells              Type           Power      Damage    Failure   Level
a - Shock                 Conj/Air       84%        1d8       2%          1

Your spell library contained the following spells:

 Spells                   Type           Power      Damage    Failure   Level
 Swiftness                Air            33%        N/A       2%          3
 Static Discharge         Conj/Air       42%        2-4/arc   3%          2
 Airstrike                Air            16%        2d(3-19)  8%          4
 Frozen Ramparts          Ice            4%         1d1       36%         3
 Ice Form                 Ice/Tmut       2%         N/A       77%         4
 Summon Ice Beast         Ice/Summ       2%         N/A       77%         4


Dungeon Overview and Level Annotations

Branches:
Dungeon (4/15)             Temple (1/1) D:4

Altars:
Ashenzari
Dithmenos
Gozag
Hepliaklqana
Nemelex Xobeh
Okawaru
Qazlal
Ru
Sif Muna
Vehumet
Xom
Zin


Innate Abilities, Weirdness & Mutations

You have a beak for a mouth.
You have claws for feet.


Message History

The orc hits you from afar with a +0 trident.
You climb downwards.
Welcome back to the Ecumenical Temple!
Reactivating autopickup.
There is a staircase back to the Dungeon here.
Something hits you.
Deactivating autopickup; reactivate with Ctrl-A.
Something barely misses you. Something closely misses you.
You hit something but do no damage. You claw something.
Your peck misses something.
You hear some strange, mumbled words.
You are confused.
You completely miss something. Your kick misses something.
You hear some strange, mumbled words.
A puff of flame appears from out of thin air!
The puff of flame hits you!
You're too confused to cast spells.
Okay, then.
You're too confused to cast spells.
Okay, then.
You bump into the tree.
Something hits you.
* * * LOW HITPOINT WARNING * * *
Okay, then.
You bump into the tree.
Something hits you.
* * * LOW HITPOINT WARNING * * *
You hear some strange, mumbled words.
Something tries to affect you, but you resist.
Something closely misses you.
You feel less confused. Something misses you.
You hear some strange, mumbled words.
Something tries to affect you, but you resist.
You hear some strange, mumbled words.
You are confused.
You're too confused to cast spells.
Okay, then.
You're too confused to cast spells.
A magic dart appears from out of thin air!
The magic dart hits you.
You die...

♣.......#..._..._...#.......♣
♣...........................♣
♣.........#...#...#.........♣
♣...........................♣
♣...........................♣
♣♣.........................♣♣
♣.........................♣
♣.......................♣♣♣
♣..........@.........♣♣♣♣
♣................♣♣♣♣♣
♣...............♣♣
♣♣..............♣
♣♣........{...♣♣
♣♣♣♣♣♣♣......♣♣ ♣♣♣.....♣♣
♣......♣♣ ♣♣.......♣


There were no monsters in sight!

Vanquished Creatures
  Natasha (D:2)
  An adder (D:2)
  3 worms (D:2)
  4 bats
  4 endoplasms (D:1)
  2 giant cockroaches (D:2)
  2 goblins
  A hobgoblin (D:2)
  3 jackals (D:1)
  3 quokkas
  2 ball pythons (D:1)
  5 frilled lizards
  6 kobolds
  3 rats (D:1)
40 creatures vanquished.

Notes
Turn   | Place    | Note
-------+----------+-------------------------------------------
     0 | D:1      | fleet the Tengu Air Elementalist began the quest for the
                  | Orb.
     0 | D:1      | Reached XP level 1. HP: 10/10 MP: 4/4
   167 | D:1      | Reached XP level 2. HP: 15/15 MP: 0/6
   379 | D:1      | Reached skill level 5 in Air Magic
   655 | D:1      | Reached XP level 3. HP: 15/19 MP: 1/7
  1225 | D:2      | Found the +0 mask of the Dragon {Will+ Slay+3 SInv}
  1351 | D:2      | Reached skill level 6 in Air Magic
  1706 | D:2      | Noticed Natasha
  1710 | D:2      | Killed Natasha
  1711 | D:2      | Reached XP level 4. HP: 24/24 MP: 1/8
  1784 | D:2      | You fall into a shaft and drop 2 floors!
  1784 | D:4      | Found a staircase to the Ecumenical Temple.
  1804 | Temple   | Entered the Ecumenical Temple
  1974 | Temple   | Became a worshipper of Qazlal Stormbringer
  2045 | Temple   | Killed from afar by an orc wizard

Illustrated notes

Levels and vault maps discovered:
D:1:      minmay_arrival_four_houses, layout_loops_ring
D:2:      layout_basic, minmay_pentomino_u4, uniq_natasha
D:4:      layout_cave_pools, minmay_temple_entry_offerings,
          kennysheep_generic_room_14
Temple:   nicolae_temple_godzebo

Skill      XL: |  1  2  3 |
---------------+----------+-----
Air Magic      | 5 6 |  6.8
Dodging        | |  2.1
Stealth        | |  2.0
Spellcasting   | |  2.0
Conjurations   | |  1.3

Action                     |  1- 3 |  4- 6 || total
---------------------------+-------+-------++-------
  Melee: Unarmed           |    30 |     4 ||    34
         Kick              |    10 |     2 ||    12
         Peck              |     5 |       ||     5
   Cast: Shock             |    69 |     4 ||    73
    Use: Scroll            |     1 |       ||     1
   Stab: Sleeping          |     1 |       ||     1
 Armour: Robe              |     1 |     1 ||     2
  Dodge: Dodged            |    18 |     5 ||    23
